EL
MONTGOMERY BISCUITS @ CHATTANOOGA LOOKOUTS
09/23/2048
 
TOP OF THE 1ST
Montgomery Biscuits batting - Pitching for Chattanooga Lookouts : LHP Kazuo Nishihara
Pitching: LHP Kazuo Nishihara
Batting: RHB Khalil Walker 0-0: Ball
1-0: Ball
2-0: DOUBLE (Line Drive, 89XD, EV 105.6 MPH)
Batting: RHB Roberto Aispuro 0-0: Ball
1-0: Swinging Strike
1-1: Ball
2-1: Ball
3-1: Base on Balls
Batting: LHB Darryl Gonnella 0-0: Ball
1-0: Called Strike
1-1: Called Strike
1-2: Fielders Choice at 2nd, 6-4 (Groundball, 6, EV 91.9 MPH)
Khalil Walker to third
Batting: LHB Eric Toney 0-0: Called Strike
0-1: SINGLE (Flyball, 78S, EV 96.2 MPH)
Khalil Walker scores
Darryl Gonnella to second
Batting: RHB James Huddleston 0-0: Ball
1-0: Ball
Darryl Gonnella steals 3rd base
2-0: Swinging Strike
2-1: Ball
3-1: Foul Ball, location: 2F
3-2: Fly out, F8 (Flyball, 8LM, EV 88.8 MPH)
Batting: RHB John Downing 0-0: Ball
1-0: Ground out 4-3 (Groundball, 4, EV 101.2 MPH)
Top of the 1st over - 1 run, 2 hits, 0 errors, 2 left on base; Montgomery 1 - Chattanooga 0
BOTTOM OF THE 1ST
Chattanooga Lookouts batting - Pitching for Montgomery Biscuits : RHP David Breaux
Pitching: RHP David Breaux
Batting: SHB Matt Urbani 0-0: Ball
1-0: Foul Ball, location: 2F
1-1: Called Strike
1-2: Ball
2-2: Foul Ball, location: 2F
2-2: Ball
3-2: Fly out, F8 (Flyball, 8LD, EV 103.8 MPH)
Batting: RHB John Dew 0-0: Called Strike
0-1: Ground out U3 (Groundball, 34, EV 80.6 MPH)
Batting: LHB Marshall Daul 0-0: Foul Ball, location: 2F
0-1: Called Strike
0-2: Ball
1-2: Ground out 1-3 (Groundball, 13, EV 70.0 MPH)
Bottom of the 1st over - 0 runs, 0 hits, 0 errors, 0 left on base; Montgomery 1 - Chattanooga 0
TOP OF THE 2ND
Montgomery Biscuits batting - Pitching for Chattanooga Lookouts : LHP Kazuo Nishihara
Batting: LHB Angel Ruvalcaba 0-0: Called Strike
0-1: Ball
1-1: Ground out 4-3 (Groundball, 4, EV 82.5 MPH)
Batting: RHB Freddy Mullen 0-0: Called Strike
0-1: Called Strike
0-2: Foul Ball, location: 2F
0-2: Foul Ball, location: 2F
0-2: Ball
1-2: Ball
2-2: Strikes out swinging
Batting: LHB Danny Hull 0-0: Swinging Strike
0-1: Swinging Strike
0-2: Foul Ball, location: 2F
0-2: Ball
1-2: Ball
2-2: Strikes out looking
Top of the 2nd over - 0 runs, 0 hits, 0 errors, 0 left on base; Montgomery 1 - Chattanooga 0
BOTTOM OF THE 2ND
Chattanooga Lookouts batting - Pitching for Montgomery Biscuits : RHP David Breaux
Batting: RHB Leo Gonzalez 0-0: Ball
1-0: Called Strike
1-1: Called Strike
1-2: Ball
2-2: Foul Ball, location: 2F
2-2: Hit by Pitch
Batting: LHB Jon Ventura 0-0: Ball
1-0: Swinging Strike
1-1: Foul Ball, location: 2F
1-2: Ball
2-2: Fly out, F9 (Line Drive, 9, EV 95.0 MPH)
Batting: RHB Nick Phipps 0-0: Ball
1-0: Ball
2-0: Called Strike
2-1: Ball
3-1: Base on Balls
Leo Gonzalez to second
Batting: RHB Graham Calvert 0-0: Fielders Choice at 2nd, 3-6 (Groundball, 34, EV 99.4 MPH)
Leo Gonzalez to third
Batting: RHB David Nardone 0-0: Ball
1-0: Ball
2-0: Called Strike
2-1: Foul Ball, location: 2F
2-2: Ball
3-2: Strikes out swinging
Bottom of the 2nd over - 0 runs, 0 hits, 0 errors, 2 left on base; Montgomery 1 - Chattanooga 0
TOP OF THE 3RD
Montgomery Biscuits batting - Pitching for Chattanooga Lookouts : LHP Kazuo Nishihara
Batting: RHB Khalil Walker 0-0: Ground out U3 (Groundball, 34, EV 85.6 MPH)
Batting: RHB Roberto Aispuro 0-0: Foul Ball, location: 2F
0-1: Swinging Strike
0-2: Ball
1-2: Ball
2-2: Ball
3-2: Base on Balls
Batting: LHB Darryl Gonnella 0-0: Ball
1-0: Swinging Strike
Roberto Aispuro is caught stealing 2nd base 2-6
1-1: Ball
2-1: Called Strike
2-2: Foul Ball, location: 2F
2-2: Strikes out swinging
Top of the 3rd over - 0 runs, 0 hits, 0 errors, 0 left on base; Montgomery 1 - Chattanooga 0
BOTTOM OF THE 3RD
Chattanooga Lookouts batting - Pitching for Montgomery Biscuits : RHP David Breaux
Batting: RHB Jose Gracia 0-0: Swinging Strike
0-1: Ball
1-1: SINGLE (Flyball, 5D, EV 84.4 MPH)
Batting: SHB Matt Urbani 0-0: Called Strike
0-1: Ball
1-1: Swinging Strike
1-2: Foul Ball, location: 2F
1-2: Foul Ball, location: 2F
1-2: Strikes out swinging
Batting: RHB John Dew 0-0: Ball
1-0: SINGLE (Line Drive, 7S, EV 85.6 MPH)
Jose Gracia to second
Batting: LHB Marshall Daul 0-0: Ball
1-0: Foul Ball, location: 2F
1-1: Ball
2-1: Foul Ball, location: 2F
2-2: Ball
3-2: Foul Ball, location: 2F
3-2: SINGLE (Groundball, 13, EV 65.6 MPH) (infield hit)
Jose Gracia to third
John Dew to second
Batting: RHB Leo Gonzalez 0-0: Ball
1-0: Ball
2-0: Ball
3-0: Called Strike
3-1: Swinging Strike
3-2: Foul Ball, location: 2F
3-2: Strikes out swinging
Batting: LHB Jon Ventura 0-0: Ball
1-0: Swinging Strike
1-1: Swinging Strike
1-2: Strikes out looking
Bottom of the 3rd over - 0 runs, 3 hits, 0 errors, 3 left on base; Montgomery 1 - Chattanooga 0
TOP OF THE 4TH
Montgomery Biscuits batting - Pitching for Chattanooga Lookouts : LHP Kazuo Nishihara
Batting: LHB Eric Toney 0-0: Ball
1-0: Fly out, F8 (Flyball, 78S, EV 95.6 MPH)
Batting: RHB James Huddleston 0-0: Ball
1-0: Called Strike
1-1: Ground out 5-3 (Groundball, 56, EV 85.0 MPH)
Batting: RHB John Downing 0-0: Ball
1-0: Ball
2-0: Ground out 6-3 (Groundball, 6, EV 90.0 MPH)
Top of the 4th over - 0 runs, 0 hits, 0 errors, 0 left on base; Montgomery 1 - Chattanooga 0
BOTTOM OF THE 4TH
Chattanooga Lookouts batting - Pitching for Montgomery Biscuits : RHP David Breaux
Batting: RHB Nick Phipps 0-0: Ground out 5-3 (Groundball, 56, EV 82.5 MPH)
Batting: RHB Graham Calvert 0-0: Called Strike
0-1: Ball
1-1: Reached on error, E6 (Groundball, 6, EV 81.2 MPH)
Batting: RHB David Nardone 0-0: Ball
1-0: Foul Ball, location: 2F
1-1: Ball
2-1: Ball
3-1: Swinging Strike
3-2: Fly out, F8 (Flyball, 8RD, EV 88.1 MPH)
Batting: RHB Jose Gracia 0-0: Ball
1-0: Foul Ball, location: 2F
1-1: Foul Ball, location: 2F
1-2: Strikes out swinging
Bottom of the 4th over - 0 runs, 0 hits, 1 error, 1 left on base; Montgomery 1 - Chattanooga 0
TOP OF THE 5TH
Montgomery Biscuits batting - Pitching for Chattanooga Lookouts : LHP Kazuo Nishihara
Batting: LHB Angel Ruvalcaba 0-0: Ball
1-0: Ball
2-0: Called Strike
2-1: Ball
3-1: Foul Ball, location: 2F
3-2: Foul Ball, location: 2F
3-2: Base on Balls
Batting: RHB Freddy Mullen 0-0: Ball
1-0: Called Strike
Angel Ruvalcaba steals 2nd base
1-1: Ball
2-1: Ball
3-1: Base on Balls
Batting: LHB Danny Hull 0-0: Ball
1-0: Ball
2-0: Fly out, F9 (Flyball, 9, EV 90.0 MPH)
Batting: RHB Khalil Walker 0-0: Ball
Wild Pitch!
Angel Ruvalcaba to third
Freddy Mullen to second
1-0: Ball
2-0: Foul Ball, location: 2F
2-1: Called Strike
2-2: Ball
3-2: Foul Ball, location: 2F
3-2: Foul Ball, location: 2F
3-2: Base on Balls
Batting: RHB Roberto Aispuro 0-0: SINGLE (Line Drive, 34D, EV 98.8 MPH)
Angel Ruvalcaba scores
Freddy Mullen to third
Khalil Walker to second
Batting: LHB Darryl Gonnella 0-0: Ball
1-0: Ball
2-0: Called Strike
2-1: Ball
3-1: Fly out, F7 (Flyball, 7, EV 76.2 MPH)
Batting: LHB Eric Toney 0-0: Called Strike
0-1: Foul Ball, location: 2F
0-2: Ball
1-2: Foul Ball, location: 2F
1-2: Ball
2-2: Strikes out swinging
Top of the 5th over - 1 run, 1 hit, 0 errors, 3 left on base; Montgomery 2 - Chattanooga 0
BOTTOM OF THE 5TH
Chattanooga Lookouts batting - Pitching for Montgomery Biscuits : RHP David Breaux
Batting: SHB Matt Urbani 0-0: Foul Ball, location: 2F
0-1: Called Strike
0-2: Foul Ball, location: 2F
0-2: Ball
1-2: Ball
2-2: Foul Ball, location: 2F
2-2: Ground out 4-3 (Groundball, 4, EV 83.8 MPH)
Batting: RHB John Dew 0-0: Swinging Strike
0-1: Foul Ball, location: 2F
0-2: Strikes out swinging
Batting: LHB Marshall Daul 0-0: Called Strike
0-1: Foul Ball, location: 2F
0-2: Fly out, F7 (Line Drive, 78S, EV 92.5 MPH)
Bottom of the 5th over - 0 runs, 0 hits, 0 errors, 0 left on base; Montgomery 2 - Chattanooga 0
TOP OF THE 6TH
Montgomery Biscuits batting - Pitching for Chattanooga Lookouts : LHP Kazuo Nishihara
Batting: RHB James Huddleston 0-0: Foul Ball, location: 2F
0-1: Ball
1-1: Fly out, F9 (Flyball, 9D, EV 92.5 MPH)
Batting: RHB John Downing 0-0: Ball
1-0: Foul Ball, location: 2F
1-1: Ball
2-1: Ball
3-1: Foul Ball, location: 2F
3-2: Ground out 5-3 (Groundball, 56, EV 82.5 MPH)
Batting: LHB Angel Ruvalcaba 0-0: Ball
1-0: Foul Ball, location: 2F
1-1: Ground out 4-3 (Groundball, 4M, EV 101.9 MPH)
Top of the 6th over - 0 runs, 0 hits, 0 errors, 0 left on base; Montgomery 2 - Chattanooga 0
BOTTOM OF THE 6TH
Chattanooga Lookouts batting - Pitching for Montgomery Biscuits : RHP David Breaux
Batting: RHB Leo Gonzalez 0-0: Ball
1-0: Ground out U3 (Groundball, 34, EV 101.9 MPH)
Batting: LHB Jon Ventura 0-0: Foul Ball, location: 2F
0-1: Foul Ball, location: 2F
0-2: Ball
1-2: Fly out, F6 (Popup, 6D, EV 62.5 MPH)
Batting: RHB Nick Phipps 0-0: Ball
1-0: Foul Ball, location: 2F
1-1: Called Strike
1-2: Strikes out swinging
Bottom of the 6th over - 0 runs, 0 hits, 0 errors, 0 left on base; Montgomery 2 - Chattanooga 0
TOP OF THE 7TH
Montgomery Biscuits batting - Pitching for Chattanooga Lookouts : LHP Kazuo Nishihara
Pitching: RHP Tom Aagaard
Batting: RHB Freddy Mullen 0-0: Ball
1-0: Called Strike
1-1: Foul Ball, location: 2F
1-2: Foul Ball, location: 2F
1-2: Strikes out swinging
Batting: LHB Danny Hull 0-0: Fly out, F7 (Flyball, 78D, EV 89.4 MPH)
Batting: RHB Khalil Walker 0-0: Ball
1-0: Ball
2-0: Ball
3-0: Called Strike
3-1: SINGLE (Groundball, 23, EV 61.9 MPH) (infield hit)
Batting: RHB Roberto Aispuro 0-0: Called Strike
0-1: Called Strike
Khalil Walker steals 2nd, throwing error, E2
Khalil Walker to third
0-2: Ball
1-2: DOUBLE (Line Drive, 78D, EV 109.4 MPH)
Khalil Walker scores
Batting: LHB Darryl Gonnella 0-0: Ground out 4-3 (Groundball, 4, EV 105.6 MPH)
Top of the 7th over - 1 run, 2 hits, 1 error, 1 left on base; Montgomery 3 - Chattanooga 0
BOTTOM OF THE 7TH
Chattanooga Lookouts batting - Pitching for Montgomery Biscuits : RHP David Breaux
Batting: RHB Graham Calvert 0-0: Ball
1-0: Called Strike
1-1: Swinging Strike
1-2: Ball
2-2: Ball
3-2: Strikes out swinging
Pitching: RHP Jeremy Price
Batting: RHB David Nardone 0-0: Fly out, F7 (Flyball, 78S, EV 86.2 MPH)
Batting: RHB Jose Gracia 0-0: Called Strike
0-1: Swinging Strike
0-2: Ball
1-2: Ball
2-2: Foul Ball, location: 2F
2-2: DOUBLE (Line Drive, 3D, EV 94.4 MPH)
Batting: SHB Matt Urbani 0-0: Ball
1-0: Called Strike
1-1: Foul Ball, location: 2F
1-2: Ball
2-2: DOUBLE (Groundball, 3L, EV 97.5 MPH)
Jose Gracia scores
Batting: RHB John Dew 0-0: Called Strike
0-1: Fly out, F6 (Popup, 4MD, EV 68.1 MPH)
Bottom of the 7th over - 1 run, 2 hits, 0 errors, 1 left on base; Montgomery 3 - Chattanooga 1
TOP OF THE 8TH
Montgomery Biscuits batting - Pitching for Chattanooga Lookouts : RHP Tom Aagaard
Batting: LHB Eric Toney 0-0: Called Strike
0-1: Ground out 6-3 (Groundball, 6, EV 82.5 MPH)
Batting: RHB James Huddleston 0-0: Foul Ball, location: 2F
0-1: Fly out, F8 (Line Drive, 89M, EV 101.9 MPH)
Batting: RHB John Downing 0-0: Ball
1-0: Ball
2-0: Foul Ball, location: 2F
2-1: Foul Ball, location: 2F
2-2: Ball
3-2: SINGLE (Line Drive, 8RS, EV 106.9 MPH)
Batting: LHB Angel Ruvalcaba 0-0: Ball
1-0: Called Strike
John Downing is caught stealing 2nd base 2-6
Top of the 8th over - 0 runs, 1 hit, 0 errors, 0 left on base; Montgomery 3 - Chattanooga 1
BOTTOM OF THE 8TH
Chattanooga Lookouts batting - Pitching for Montgomery Biscuits : RHP Jeremy Price
Pitching: RHP Jaime Astacio
Batting: LHB Marshall Daul 0-0: Swinging Strike
0-1: Ball
1-1: Ball
2-1: Swinging Strike
2-2: Ball
3-2: Strikes out swinging passed ball, reaches first!
Batting: RHB Leo Gonzalez 0-0: Foul Ball, location: 2F
0-1: Called Strike
0-2: Ball
1-2: Ball
2-2: Grounds into double play, 6-4-3 (Groundball, 6, EV 86.2 MPH)
Batting: LHB Jon Ventura 0-0: Called Strike
0-1: Foul Ball, location: 2F
0-2: Ball
1-2: Foul Ball, location: 2F
1-2: Ball
2-2: Reached on error, E5 (Groundball, 5, EV 81.9 MPH)
Batting: RHB Nick Phipps 0-0: Called Strike
0-1: Ground out 6-3 (Groundball, 6M, EV 88.8 MPH)
Bottom of the 8th over - 0 runs, 0 hits, 1 error, 1 left on base; Montgomery 3 - Chattanooga 1
TOP OF THE 9TH
Montgomery Biscuits batting - Pitching for Chattanooga Lookouts : RHP Tom Aagaard
Pitching: LHP Bobby Molina
Batting: LHB Angel Ruvalcaba 0-0: Ball
1-0: Called Strike
1-1: Ball
2-1: DOUBLE (Line Drive, 9LS, EV 112.5 MPH)
Batting: RHB Freddy Mullen 0-0: Intentional Walk
Batting: LHB Danny Hull 0-0: Ball
1-0: Sac Bunt to P - play at first, batter OUT! 1-4
Angel Ruvalcaba to third
Freddy Mullen to second
Batting: RHB Khalil Walker 0-0: Ball
1-0: Foul Ball, location: 2F
1-1: DOUBLE (Flyball, 8LXD, EV 100.6 MPH)
Angel Ruvalcaba scores
Freddy Mullen scores
Batting: RHB Roberto Aispuro 0-0: Foul Ball, location: 2F
0-1: Ball
1-1: Foul Ball, location: 2F
1-2: Strikes out looking
Batting: LHB Darryl Gonnella 0-0: Ball
1-0: Ball
2-0: Foul Ball, location: 2F
2-1: Ball
3-1: Base on Balls
Batting: LHB Eric Toney 0-0: Called Strike
0-1: SINGLE (Flyball, 8LS, EV 93.1 MPH)
Khalil Walker to third
Darryl Gonnella to second
Runner from 3rd tries for Home, throw by CF and OUT! 8-2
Top of the 9th over - 2 runs, 3 hits, 0 errors, 2 left on base; Montgomery 5 - Chattanooga 1
BOTTOM OF THE 9TH
Chattanooga Lookouts batting - Pitching for Montgomery Biscuits : RHP Jaime Astacio
Batting: RHB Graham Calvert 0-0: Called Strike
0-1: Ball
1-1: Ball
2-1: Called Strike
2-2: Ball
3-2: Strikes out swinging
Batting: RHB David Nardone 0-0: Ground out 4-3 (Groundball, 4M, EV 88.1 MPH)
Batting: RHB Jose Gracia 0-0: Ball
1-0: Swinging Strike
1-1: Foul Ball, location: 2F
1-2: Fly out, F7 (Line Drive, 78M, EV 95.0 MPH)
Bottom of the 9th over - 0 runs, 0 hits, 0 errors, 0 left on base; Montgomery 5 - Chattanooga 1
Tuesday, March 28th , 2023 - OOTP Baseball 23.10 Build 110